 Dungeon Crawl Stone Soup version 0.30.1-3-gfc49f6343a (webtiles) character file.

Game seed: 13396481991451752483

4 sampeng1 the Insei (level 1, -3/18 HPs)
             Began as a Human Wanderer on July 30, 2023.
             Slain by a goblin
             ... wielding a +0 club
              (4 damage)
             ... on level 1 of the Dungeon.
             The game lasted 00:01:29 (144 turns).

sampeng1 the Insei (Human Wanderer)                  Turns: 144, Time: 00:01:29

Health: -3/18      AC:  2    Str:  8    XL:     1   Next: 77%
Magic:  3/3        EV: 11    Int: 11    God:
Gold:   21         SH:  0    Dex: 17    Spells: 3/4 levels left

rFire   . .          .
                       - Unarmed
rCold   . . .        (no shield)
rNeg    . . .        d - +0 robe
rPois   .            (no helmet)
rElec   .            (no cloak)
rCorr   .            (no gloves)
SInv    .            (no boots)
Will    .....        (no amulet)
Stlth   ++           (no ring)
HPRegen 0.23/turn    (no ring)
MPRegen 0.08/turn

%: no passive effects
@: no status effects
A: no striking features
a: no special abilities


You were on level 1 of the Dungeon.
You visited 1 branch of the dungeon, and saw 1 of its levels.

You collected 21 gold pieces.

Inventory:

Hand Weapons
 a - a +0 dagger
Armour
 d - a +0 robe (worn)
 f - a +0 leather armour
Scrolls
 c - a scroll of fog
 e - a scroll of vulnerability
Potions
 b - a potion of curing


   Skills:
 + Level 3.0 Fighting
 + Level 0.2 Dodging
 + Level 3.0 Unarmed Combat
 + Level 2.0 Spellcasting
 + Level 2.1 Earth Magic


You had 3 spell levels left.
You knew the following spells:

 Your Spells              Type           Power      Damage    Failure   Level
a - Sandblast             Erth           10%        2d5       12%         1

Your spell library contained the following spells:

 Spells                   Type           Power      Damage    Failure   Level
 Passwall                 Tmut/Erth      2%         N/A       28%         2
 Static Discharge         Conj/Air       2%         2-3/arc   41%         2
 Animate Armour           Summ/Erth      6%         N/A       88%         4
 Airstrike                Air            0%         2d(1-17)  96%         4
 Summon Lightning Spire   Summ/Air       1%         N/A       96%         4


Dungeon Overview and Level Annotations

Branches:
Dungeon (1/15)

Altars:


Message History

You open the door.
Found 3 stones.
There is an open door here.
You see here 3 stones.
Found a dark potion.
A goblin comes into view. It is wielding a +0 club.
The goblin shouts!
A hobgoblin comes into view.
You see here 10 gold pieces.
You see here a dark potion.
You miss the goblin.
The hobgoblin shouts!
The goblin hits you with a +0 club.
You completely miss the goblin. The goblin hits you with a +0 club.
You barely miss the goblin. The goblin hits you with a +0 club.
You hit the goblin.
The goblin is heavily wounded.
The goblin closely misses you. The hobgoblin hits you.
You hit the goblin but do no damage.
The goblin is heavily wounded.
The hobgoblin closely misses you. The goblin barely misses you.
You closely miss the goblin.
The goblin is heavily wounded.
The hobgoblin hits you but does no damage.
The goblin hits you with a +0 club.
You barely miss the goblin.
The goblin is heavily wounded.
The goblin hits you with a +0 club.
* * * LOW HITPOINT WARNING * * *
The hobgoblin hits you but does no damage.
You hit the goblin.
The goblin is severely wounded.
The hobgoblin completely misses you. The goblin hits you with a +0 club.
* * * LOW HITPOINT WARNING * * *
You hit the goblin but do no damage.
The goblin is severely wounded.
The hobgoblin hits you.
* * * LOW HITPOINT WARNING * * *
The goblin hits you with a +0 club.
You die...

## ..#. .#. .. #.
#.###########.. ..
###......@g......
#..#......#$.g####..
#.........#...#
###....(..#####
#.###'### .. .. #.#
#..... #.
##.###.....
#.........
#.........


You could see a hobgoblin and a goblin.

Vanquished Creatures
  A goblin (D:1)
  A quokka (D:1)
  2 kobolds (D:1)
4 creatures vanquished.

Notes
Turn   | Place    | Note
-------+----------+-------------------------------------------
     0 | D:1      | sampeng1 the Human Wanderer began the quest for the Orb.
     0 | D:1      | sampeng1 set off with the following items: a +0 dagger, a
                  | potion of curing, a scroll of fog, a +0 robe, a scroll of
                  | vulnerability; and the following spell memorised:
                  | Sandblast; and the following spells available to memorise:
                  | Passwall, Animate Armour.
     0 | D:1      | Reached XP level 1. HP: 18/18 MP: 3/3
   144 | D:1      | Slain by a goblin

Illustrated notes

Levels and vault maps discovered:
D:1:      minmay_arrival_split_and_join, layout_basic

Action                     || total
---------------------------++-------
  Melee: Unarmed           ||    20
         Punch             ||     2
   Stab: Sleeping          ||     1
 Armour: Robe              ||     3
  Dodge: Dodged            ||     7
